AoeStats
← Johnny_von_Cash

African Clearing

510843278Analyzed
4v4 RM · 15h ago on Oct 2, 2026· 38m 43s· 8 players
Game mode
Random Map
Map size
Large (8 player)
Population
200
Speed
Normal
Resources
Standard
Victory
Conquest
Starting age
Dark Age
Ending age
Imperial Age
RankedLock teamsTeams togetherTeam positionsShared explorationLock speedFull tech treeHidden civsTurbo modeCheats
Victory
Defeat
🇦🇷 Huns · Argentina
984
+16
🇮🇹 Wu · Italy
979
+16
🇨🇱 Cumans · Chile
965
+16
🇲🇽 Dravidians · Mexico
955
+17
🇵🇱 Huns · Poland
1013
-18
🇨🇿 Italians · Czechia
1010
-18
🇷🇺 Vikings · Russia
944
-15
🇩🇪 Bohemians · Germany
928
-14
Calcetin
9:41 Loom
13:31 Feudal Age
21:55 Castle Age
20:56 Double-Bit Axe
21:34 Horse Collar
25:47 Heavy Plow
26:08 Bow Saw
26:30 Stone Mining
26:30 Gold Mining
27:58 Wheelbarrow
29:53 Gold Shaft Mining
30:38 Hand Cart
30:08 Town Watch
32:24 Bloodlines
32:36 Forging
32:34 Scale Barding Armor
35:24 Imperial Age
33:38 Chain Barding Armor
33:55 Iron Casting
33:26 Steppe Husbandry
35:30 Elite Steppe Lancer
37:15 Blast Furnace
36:54 Plate Barding Armor
37:12 Crop Rotation
37:44 Two-Man Saw
BearKing89
9:21 Loom
15:52 Feudal Age
20:11 Castle Age
21:43 Thumb Ring
21:32 Fletching
21:43 Padded Archer Armor
22:31 Gold Mining
26:12 Double-Bit Axe
29:40 Ballistics
35:58 Horse Collar
wallacebru
11:46 Loom
16:09 Feudal Age
21:12 Castle Age
19:41 Double-Bit Axe
19:38 Horse Collar
22:18 Scale Mail Armor
22:29 Forging
22:21 Arson
23:51 Chain Mail Armor
24:44 Bow Saw
25:12 Iron Casting
26:20 Wheelbarrow
26:51 Gold Mining
27:33 Town Watch
Nemesis6410
3:39 Loom
14:22 Feudal Age
15:10 Double-Bit Axe
15:08 Horse Collar
20:06 Castle Age
18:20 Gold Mining
19:25 Scale Barding Armor
20:50 Forging
30:24 Imperial Age
29:13 Chain Barding Armor
29:12 Heavy Plow
31:01 Gold Shaft Mining
30:50 Cavalier
33:25 Wheelbarrow
34:22 Bloodlines
34:48 Husbandry
35:17 Hand Cart
37:14 Paladin
<< Cor ! >>
12:57 Feudal Age
15:32 Double-Bit Axe
17:45 Loom
20:40 Castle Age
22:01 Fletching
25:37 Crossbowman
29:56 Bodkin Arrow
33:48 Man-at-Arms
36:00 Forging
36:05 Long Swordsman
37:15 Bow Saw
Aleksjar
15:50 Feudal Age
14:23 Loom
16:50 Double-Bit Axe
16:48 Horse Collar
23:23 Castle Age
24:12 Heavy Plow
25:13 Forging
25:03 Scale Mail Armor
25:48 Crossbowman
26:22 Fletching
26:33 Padded Archer Armor
34:57 Bow Saw
34:46 Gold Mining
34:46 Stone Mining
40:02 Imperial Age
38:17 Gold Shaft Mining
38:20 Chain Mail Armor
Johnny_von_Cash
8:46 Loom
17:48 Feudal Age
19:41 Wheelbarrow
18:58 Town Watch
19:00 Double-Bit Axe
18:57 Horse Collar
24:27 Castle Age
22:51 Fletching
23:14 Padded Archer Armor
25:26 Hand Cart
27:19 Crossbowman
28:46 Leather Archer Armor
32:29 Town Patrol
33:41 Bodkin Arrow
33:39 Elite Skirmisher
kkkkkkkkk10
9:28 Loom
14:10 Feudal Age
16:35 Wheelbarrow
20:31 Castle Age
18:43 Stone Mining
20:43 Double-Bit Axe
24:18 Gold Mining
24:10 Horse Collar
26:56 Marauders
27:08 Scale Barding Armor
27:33 Heavy Plow
28:23 Husbandry
35:43 Imperial Age
34:56 Hand Cart
36:13 Gold Shaft Mining
37:33 Elite Tarkan
Connection lost

Rejoining the realm…

Still unreachable

The connection could not be restored.

Session expired

The server has moved on; the page needs a fresh start.